NCAA
STANFORD CARDINAL @ KENTUCKY WILDCATS
04/11/2029
 
TOP OF THE 1ST
Stanford Cardinal batting - Pitching for Kentucky Wildcats : LHP Chris Morgan
Pitching: LHP Chris Morgan
Batting: RHB Dave Bennett 0-0: Called Strike
0-1: SINGLE (Groundball, 34D)
Batting: RHB Greg Nichols 0-0: Ball
1-0: Foul Ball, location: 2F
1-1: Ball
2-1: Foul Ball, location: 2F
2-2: Ball
3-2: Foul Ball, location: 2F
3-2: Strikes out swinging
Dave Bennett is caught stealing 2nd base
Batter strikes out.
Batting: RHB Rick McDonald 0-0: Foul Ball, location: 2F
0-1: Ball
1-1: Foul Ball, location: 2F
1-2: Ground out 4-3 (Groundball, 4S)
Top of the 1st over - 0 runs, 1 hit, 0 errors, 0 left on base; Stanford 0 - Kentucky 0
BOTTOM OF THE 1ST
Kentucky Wildcats batting - Pitching for Stanford Cardinal : RHP Wilson Villa
Pitching: RHP Wilson Villa
Batting: RHB Lewis Childress 0-0: Swinging Strike
0-1: Ball
1-1: Ball
2-1: Swinging Strike
2-2: Ball
3-2: Foul Ball, location: 2F
3-2: Strikes out swinging, 2-3 out at first.
Batting: RHB Haywood Young 0-0: Ball
1-0: Foul Ball, location: 2F
1-1: Ball
2-1: Foul Ball, location: 2F
2-2: Ball
3-2: Base on Balls
Batting: SHB Russ Beasley 0-0: Foul Ball, location: 2F
0-1: Ball
1-1: Foul Ball, location: 2F
1-2: Hit by Pitch
Haywood Young to second
Batting: LHB Caden Cleveland 0-0: SINGLE (Groundball, 4MD)
Haywood Young to third
Russ Beasley to second
Runner from 3rd tries for Home, SAFE, throw made home
Batting: RHB Gabriel Sánchez 0-0: Ball
1-0: Grounds into double play, 6-4-3 (Groundball, 6M)
Bottom of the 1st over - 1 run, 1 hit, 0 errors, 1 left on base; Stanford 0 - Kentucky 1
TOP OF THE 2ND
Stanford Cardinal batting - Pitching for Kentucky Wildcats : LHP Chris Morgan
Batting: LHB Terry Barton 0-0: Foul Ball, location: 2F
0-1: SOLO HOME RUN (Flyball, 9D), Distance : 349 ft
Batting: RHB Bill Reed 0-0: Foul Ball, location: 2F
0-1: Ball
1-1: Ball
2-1: Foul Ball, location: 2F
2-2: Ball
3-2: Fly out, F8 (Flyball, 8RD)
Batting: RHB Dave Rogers 0-0: Swinging Strike
0-1: Ball
1-1: Swinging Strike
1-2: Foul Ball, location: 2F
1-2: Strikes out looking
Batting: RHB Flint Ballard 0-0: Foul Ball, location: 2F
0-1: Foul Ball, location: 2F
0-2: Foul Ball, location: 2F
0-2: Foul Ball, location: 2F
0-2: Ball
1-2: Strikes out looking
Top of the 2nd over - 1 run, 1 hit, 0 errors, 0 left on base; Stanford 1 - Kentucky 1
BOTTOM OF THE 2ND
Kentucky Wildcats batting - Pitching for Stanford Cardinal : RHP Wilson Villa
Batting: RHB Johnny Carson 0-0: SINGLE (Groundball, 4D)
Batting: RHB Ken Jenkins 0-0: Ball
1-0: Ball
2-0: Ball
3-0: Base on Balls
Johnny Carson to second
Batting: RHB Jacob Burke 0-0: Called Strike
0-1: 3-RUN HOME RUN (Flyball, 9D), Distance : 358 ft
Batting: RHB Billy Forbes 0-0: Fly out, F8 (Flyball, 8RM)
Batting: RHB Lewis Childress 0-0: Called Strike
0-1: Foul Ball, location: 2F
0-2: Ball
1-2: Foul Ball, location: 2F
1-2: Foul Ball, location: 2F
1-2: Foul Ball, location: 2F
1-2: Ball
2-2: Ball
3-2: SINGLE (Line Drive, 7LS)
Batting: RHB Haywood Young 0-0: Hit by Pitch
Lewis Childress to second
Batting: SHB Russ Beasley 0-0: Ball
1-0: Called Strike
Lewis Childress steals 3rd base
Haywood Young to second
1-1: Fly out, F7 (Flyball, 7D)
Runner from 3rd tags up, SCORES, no throw
Pitching: RHP Carl Morris
Batting: LHB Caden Cleveland 0-0: Called Strike
0-1: Ball
1-1: Ball
2-1: Ball
3-1: Called Strike
3-2: Base on Balls
Batting: RHB Gabriel Sánchez 0-0: Ball
1-0: Called Strike
1-1: Ball
2-1: Called Strike
2-2: Foul Ball, location: 2F
2-2: TRIPLE (Flyball, 78XD)
Haywood Young scores
Caden Cleveland scores
Pinch Runner at 3rd Chris Young:
Batting: RHB Johnny Carson 0-0: Ball
1-0: Foul Ball, location: 2F
1-1: Ball
2-1: Ball
3-1: SINGLE (Flyball, 89S)
Chris Young scores
Batting: RHB Ken Jenkins 0-0: Ball
1-0: Ball
2-0: Called Strike
2-1: Ball
3-1: Called Strike
3-2: Foul Ball, location: 2F
3-2: Base on Balls
Johnny Carson to second
Batting: RHB Jacob Burke 0-0: Ball
1-0: Fielders Choice at 2nd, 6-4 (Groundball, 6)
Bottom of the 2nd over - 7 runs, 5 hits, 0 errors, 2 left on base; Stanford 1 - Kentucky 8
TOP OF THE 3RD
Stanford Cardinal batting - Pitching for Kentucky Wildcats : LHP Chris Morgan
Now at 2B: Chris Young
Batting: LHB José Soto 0-0: Swinging Strike
0-1: Swinging Strike
0-2: Ball
1-2: Strikes out swinging
Batting: RHB Aaron Grant 0-0: Called Strike
0-1: Ball
1-1: Fly out, F7 (Flyball, 78S)
Batting: RHB Dave Bennett 0-0: Swinging Strike
0-1: Ball
1-1: Foul Ball, location: 2F
1-2: Strikes out swinging
Top of the 3rd over - 0 runs, 0 hits, 0 errors, 0 left on base; Stanford 1 - Kentucky 8
BOTTOM OF THE 3RD
Kentucky Wildcats batting - Pitching for Stanford Cardinal : RHP Carl Morris
Batting: RHB Billy Forbes 0-0: Ball
1-0: Ball
2-0: Swinging Strike
2-1: Foul Ball, location: 2F
2-2: Ball
3-2: Strikes out swinging
Batting: RHB Lewis Childress 0-0: Swinging Strike
0-1: Ball
1-1: Swinging Strike
1-2: Ball
2-2: Strikes out swinging
Batting: RHB Haywood Young 0-0: Called Strike
0-1: Ball
1-1: Fly out, F2 (Popup, 25F)
Bottom of the 3rd over - 0 runs, 0 hits, 0 errors, 0 left on base; Stanford 1 - Kentucky 8
TOP OF THE 4TH
Stanford Cardinal batting - Pitching for Kentucky Wildcats : LHP Chris Morgan
Batting: RHB Greg Nichols 0-0: Foul Ball, location: 2F
0-1: SINGLE (Flyball, 78M)
Batting: RHB Rick McDonald 0-0: Ball
1-0: Ball
2-0: Called Strike
2-1: Foul Ball, location: 2F
2-2: Strikes out looking
Batting: LHB Terry Barton 0-0: Foul Ball, location: 2F
0-1: Swinging Strike
0-2: Ball
1-2: Ball
2-2: Strikes out swinging
Batting: RHB Bill Reed 0-0: Called Strike
0-1: Ball
1-1: Foul Ball, location: 2F
1-2: Ball
2-2: Ball
3-2: Strikes out swinging
Top of the 4th over - 0 runs, 1 hit, 0 errors, 1 left on base; Stanford 1 - Kentucky 8
BOTTOM OF THE 4TH
Kentucky Wildcats batting - Pitching for Stanford Cardinal : RHP Carl Morris
Batting: SHB Russ Beasley 0-0: Called Strike
0-1: Swinging Strike
0-2: Foul Ball, location: 2F
0-2: Ball
1-2: Ball
2-2: Foul Ball, location: 2F
2-2: Foul Ball, location: 2F
2-2: Strikes out swinging
Batting: LHB Caden Cleveland 0-0: Ball
1-0: Ball
2-0: Ball
3-0: Base on Balls
Batting: RHB Chris Young 0-0: Ball
1-0: Ball
2-0: Ball
3-0: Base on Balls
Caden Cleveland to second
Pitching: LHP Pedro Infante
Batting: RHB Johnny Carson 0-0: Ball
1-0: Foul Ball, location: 2F
1-1: Swinging Strike
1-2: Ball
2-2: Foul Ball, location: 2F
2-2: SINGLE (Line Drive, 8LS)
Caden Cleveland to third
Chris Young to second
Batting: RHB Ken Jenkins 0-0: Foul Ball, location: 2F
0-1: Swinging Strike
0-2: Foul Ball, location: 2F
0-2: SINGLE (Groundball, 6MS) (infield hit)
Caden Cleveland scores
Chris Young to third
Johnny Carson to second
Batting: RHB Jacob Burke 0-0: Ball
1-0: Called Strike
1-1: Foul Ball, location: 2F
1-2: Strikes out looking
Pitching: RHP Chris Miles
Batting: RHB Billy Forbes 0-0: Called Strike
0-1: SINGLE (Flyball, 9LS)
Chris Young scores
Johnny Carson to third
Ken Jenkins to second
Batting: RHB Lewis Childress 0-0: Ball
1-0: Ball
2-0: Swinging Strike
2-1: Foul Ball, location: 2F
2-2: Foul Ball, location: 2F
2-2: Ball
3-2: Base on Balls
Johnny Carson scores
Ken Jenkins to third
Billy Forbes to second
Batting: RHB Haywood Young 0-0: Swinging Strike
0-1: Foul Ball, location: 2F
0-2: Ball
1-2: Ball
2-2: Strikes out swinging
Bottom of the 4th over - 3 runs, 3 hits, 0 errors, 3 left on base; Stanford 1 - Kentucky 11
TOP OF THE 5TH
Stanford Cardinal batting - Pitching for Kentucky Wildcats : LHP Chris Morgan
Batting: RHB Dave Rogers 0-0: Called Strike
0-1: Foul Ball, location: 2F
0-2: Strikes out looking
Batting: RHB Flint Ballard 0-0: Swinging Strike
0-1: Swinging Strike
0-2: Foul Ball, location: 2F
0-2: Ball
1-2: Ball
2-2: Foul Ball, location: 2F
2-2: Strikes out swinging
Batting: LHB José Soto 0-0: Called Strike
0-1: Ball
1-1: Called Strike
1-2: Ball
2-2: Strikes out swinging
Top of the 5th over - 0 runs, 0 hits, 0 errors, 0 left on base; Stanford 1 - Kentucky 11
BOTTOM OF THE 5TH
Kentucky Wildcats batting - Pitching for Stanford Cardinal : RHP Chris Miles
Batting: SHB Russ Beasley 0-0: Ball
1-0: Ball
2-0: Ground out 4-3 (Groundball, 4)
Batting: LHB Caden Cleveland 0-0: Ball
1-0: Called Strike
1-1: Ball
2-1: SINGLE (Groundball, 34D)
Batting: RHB Chris Young 0-0: Swinging Strike
0-1: Ball
1-1: Ball
2-1: Ball
3-1: Base on Balls
Caden Cleveland to second
Batting: RHB Johnny Carson 0-0: Ball
1-0: SINGLE (Line Drive, 56D)
Caden Cleveland to third
Chris Young to second
Batting: RHB Ken Jenkins 0-0: Swinging Strike
0-1: Ball
1-1: Foul Ball, location: 2F
1-2: Strikes out swinging
Batting: RHB Jacob Burke 0-0: Ball
1-0: Fielders Choice at 2nd, U6 (Groundball, 6M)
Bottom of the 5th over - 0 runs, 2 hits, 0 errors, 3 left on base; Stanford 1 - Kentucky 11
TOP OF THE 6TH
Stanford Cardinal batting - Pitching for Kentucky Wildcats : LHP Chris Morgan
Batting: RHB Aaron Grant 0-0: Swinging Strike
0-1: Swinging Strike
0-2: Strikes out looking
Batting: RHB Dave Bennett 0-0: Called Strike
0-1: DOUBLE (Line Drive, 8RD)
Pitching: RHP Robert Morrison
Batting: RHB Greg Nichols 0-0: Called Strike
0-1: Swinging Strike
0-2: Ball
1-2: Ball
2-2: Strikes out swinging
Batting: RHB Rick McDonald 0-0: Ball
Wild Pitch!
Dave Bennett to third
1-0: Ball
2-0: Swinging Strike
2-1: Foul Ball, location: 2F
2-2: Foul Ball, location: 2F
2-2: Ball
3-2: Strikes out swinging
Top of the 6th over - 0 runs, 1 hit, 0 errors, 1 left on base; Stanford 1 - Kentucky 11
BOTTOM OF THE 6TH
Kentucky Wildcats batting - Pitching for Stanford Cardinal : RHP Chris Miles
Batting: RHB Billy Forbes 0-0: Ball
1-0: Called Strike
1-1: Ball
2-1: Foul Ball, location: 2F
2-2: Ball
3-2: Base on Balls
Batting: RHB Lewis Childress 0-0: Ball
1-0: Called Strike
1-1: Called Strike
1-2: SINGLE (Line Drive, 6MD)
Billy Forbes to second
Batting: RHB Haywood Young 0-0: Ball
1-0: Foul Ball, location: 2F
1-1: Called Strike
1-2: Foul Ball, location: 2F
1-2: Ball
2-2: Foul Ball, location: 2F
2-2: Fielders Choice at 2nd, 6-4 (Groundball, 6)
Billy Forbes to third
Batting: SHB Russ Beasley 0-0: Swinging Strike
0-1: Called Strike
0-2: Strikes out swinging
Batting: LHB Caden Cleveland 0-0: Called Strike
0-1: Ball
1-1: Ball
2-1: Foul Ball, location: 2F
2-2: Ball
3-2: Base on Balls
Haywood Young to second
Batting: RHB Chris Young 0-0: Ball
1-0: Ball
2-0: Ball
3-0: Called Strike
3-1: Base on Balls
Billy Forbes scores
Haywood Young to third
Caden Cleveland to second
Batting: RHB Johnny Carson 0-0: Called Strike
0-1: Ball
1-1: Ball
2-1: Foul Ball, location: 2F
2-2: Strikes out swinging
Bottom of the 6th over - 1 run, 1 hit, 0 errors, 3 left on base; Stanford 1 - Kentucky 12
TOP OF THE 7TH
Stanford Cardinal batting - Pitching for Kentucky Wildcats : RHP Robert Morrison
Batting: LHB Terry Barton 0-0: Called Strike
0-1: Foul Ball, location: 2F
0-2: Ball
1-2: Ball
2-2: Strikes out swinging
Batting: RHB Bill Reed 0-0: Ball
1-0: Called Strike
1-1: Foul Ball, location: 2F
1-2: Ball
2-2: Ball
3-2: Strikes out swinging
Batting: RHB Dave Rogers 0-0: Ground out 1-3 (Groundball, 13)
Top of the 7th over - 0 runs, 0 hits, 0 errors, 0 left on base; Stanford 1 - Kentucky 12
BOTTOM OF THE 7TH
Kentucky Wildcats batting - Pitching for Stanford Cardinal : RHP Chris Miles
Pitching: LHP Patrice Galipeau
Batting: RHB Ken Jenkins 0-0: Ball
1-0: Foul Ball, location: 2F
1-1: Ground out 4-3 (Groundball, 4)
Batting: RHB Jacob Burke 0-0: Swinging Strike
0-1: Ball
1-1: Foul Ball, location: 2F
1-2: Fly out, F7 (Flyball, 7LM)
Batting: RHB Billy Forbes 0-0: Ball
1-0: Called Strike
1-1: Ball
2-1: Called Strike
2-2: Ground out 5-3 (Groundball, 56S)
Bottom of the 7th over - 0 runs, 0 hits, 0 errors, 0 left on base; Stanford 1 - Kentucky 12
TOP OF THE 8TH
Stanford Cardinal batting - Pitching for Kentucky Wildcats : RHP Robert Morrison
Batting: RHB Flint Ballard 0-0: Hit by Pitch
Batting: LHB José Soto 0-0: Ball
1-0: Swinging Strike
1-1: Called Strike
1-2: Strikes out looking
Batting: RHB Aaron Grant 0-0: Ball
1-0: SINGLE (Groundball, 6) (infield hit)
Flint Ballard to second
Batting: RHB Dave Bennett 0-0: Swinging Strike
0-1: Foul Ball, location: 2F
0-2: Ball
1-2: Strikes out swinging
Batting: RHB Greg Nichols 0-0: Ground out 6-3 (Groundball, 6M)
Top of the 8th over - 0 runs, 1 hit, 0 errors, 2 left on base; Stanford 1 - Kentucky 12
BOTTOM OF THE 8TH
Kentucky Wildcats batting - Pitching for Stanford Cardinal : LHP Patrice Galipeau
Batting: RHB Lewis Childress 0-0: Ball
1-0: Ball
2-0: Ball
3-0: Base on Balls
Batting: RHB Haywood Young 0-0: Called Strike
0-1: Ball
1-1: Foul Ball, location: 2F
1-2: Ball
2-2: Grounds into double play, 5-4-3 (Groundball, 56)
Batting: SHB Russ Beasley 0-0: Ball
1-0: Foul Ball, location: 2F
1-1: Fly out, F5 (Popup, 6S)
Bottom of the 8th over - 0 runs, 0 hits, 0 errors, 0 left on base; Stanford 1 - Kentucky 12
TOP OF THE 9TH
Stanford Cardinal batting - Pitching for Kentucky Wildcats : RHP Robert Morrison
Batting: RHB Rick McDonald 0-0: Ball
1-0: Ball
2-0: Called Strike
2-1: Ball
3-1: Called Strike
3-2: SINGLE (Line Drive, 4M)
Batting: LHB Terry Barton 0-0: Called Strike
0-1: Ball
1-1: Grounds into double play, 4-6-3 (Groundball, 4)
Batting: RHB Bill Reed 0-0: Ball
1-0: Called Strike
1-1: Called Strike
1-2: SINGLE (Groundball, 56D)
Batting: RHB Dave Rogers 0-0: Ball
1-0: Fly out, F8 (Line Drive, 8RM)
Top of the 9th over - 0 runs, 2 hits, 0 errors, 1 left on base; Stanford 1 - Kentucky 12
Saturday, December 16th, 2017 - OOTP Baseball 18.8 Build 76